 Dungeon Crawl Stone Soup version 0.18-a0-888-gdb73dea (webtiles) character file.

1134 filipzpl the Fighter (level 8, -2/54 HPs)
             Began as a Gargoyle Berserker on Dec 23, 2015.
             Was an Elder of Trog.
             Slain by an ogre
             ... wielding a +0 giant spiked club
              (17 damage)
             ... on level 5 of the Dungeon.
             The game lasted 00:28:06 (4842 turns).

filipzpl the Fighter (Gargoyle Berserker)           Turns: 4842, Time: 00:28:08

Health: -2/54      AC: 13    Str: 23    XL:     8   Next: 36%
Magic:  8/8        EV: 11    Int:  8    God:    Trog [****..]
Gold:   270        SH:  0    Dex:  9    Spells: 0 memorised, 7 levels left

rFire  . . .     SeeInvis .     v - +0 flail
rCold  . . .     Gourm    .     m - +1 ring mail
rNeg   + . .     Faith    .     (no shield)
rPois  ∞         Spirit   .     (no helmet)
rElec  +         Dismiss  +     d - +0 cloak
rCorr  .         Reflect  .     n - +0 pair of gloves
SustAt .         Harm     .     (no boots)
MR     .....                    r - amulet of dismissal
Stlth  ..........               (no ring)
                                (no ring)

@: exhausted, slowed, very slow, not resistant to hostile enchantments,
extremely unstealthy
A: negative energy resistance 1, electricity resistance, unbreathing,
petrification resistance, rot immunity, AC +5
a: Berserk, Trog's Hand, Brothers in Arms, Burn Spellbooks, Renounce Religion


You were on level 5 of the Dungeon.
You worshipped Trog.
Trog was greatly pleased with you.
You were not hungry.

You visited 1 branch of the dungeon, and saw 5 of its levels.

You collected 270 gold pieces.

Inventory:

Hand Weapons
 a - a +0 mace
 u - a +0 giant club
 v - a +0 flail (weapon)
 w - a +0 giant spiked club
Armour
 d - a +0 cloak (worn)
 m - a +1 ring mail (worn)
 n - a +0 pair of gloves (worn)
Jewellery
 r - an amulet of dismissal (around neck)
Scrolls
 c - 2 scrolls of teleportation
 e - a scroll of blinking
 i - a scroll of enchant armour
 j - 3 scrolls of remove curse
 q - a scroll of enchant weapon {unknown}
 s - 2 scrolls of identify
 t - a scroll of recharging
Potions
 b - a potion of might
 f - a potion of lignification
 g - a potion of degeneration
 h - a potion of heal wounds {unknown}
 k - a potion of brilliance {unknown}
 l - 4 potions of curing
 o - a potion of resistance {unknown}
 p - a potion of magic {unknown}
 z - a potion of flight {unknown}


   Skills:
 * Level 8.1 Fighting
 * Level 7.4 Maces & Flails
 - Level 2.5 Armour
 - Level 1.6 Dodging


You had 7 spell levels left.
You didn't know any spells.

Dungeon Overview and Level Annotations

Branches:
Dungeon (5/15)
 Temple: D:4-7

Altars:
Makhleb
Nemelex Xobeh

Annotations:
D:3 1 exclusion


Innate Abilities, Weirdness & Mutations

You are resistant to torment.
Your stone body is resilient (AC +5).
You are immune to poison.
You resist negative energy.
You are resistant to electric shocks.
You can survive without breathing.
You are immune to petrification.
You are immune to rotting.


Message History

You barely miss something.
The giant frog skeleton closely misses you.
The ogre hits you but does no damage.
The crimson imp blinks!
Something hits you. Something shocks you. You resist.
The giant frog skeleton hits you but does no damage.
The crimson imp blinks!
Something hits you but does no damage.
You sock something!
The giant frog skeleton hits you but does no damage.
The ogre closely misses you.
The giant frog skeleton hits you but does no damage.
Something hits you but does no damage. The ogre closely misses you.
The ogre barely misses you.
You miss something.
The giant frog skeleton barely misses you.
Something hits you but does no damage.
The giant frog skeleton hits you but does no damage.
The ogre hits you with a giant spiked club!
* * * LOW HITPOINT WARNING * * *
The ogre hits you with a giant spiked club!
You die...

##########
#.{<†....#
#.Z@§....#
#.OO.....#
#...5.....#
#$[$......#
+..$....Z<#
#.........#
...!...#...(
........#....


You could see 2 ogres, a crimson imp and 2 giant frog skeletons.

Vanquished Creatures
  Duvessa (D:4)
  3 ogres
  The ghost of filipzpl the Skirmisher, an amateur GrBe of Trog (D:3)
  Dowan (D:4)
  6 scorpions (D:4)
  Crazy Yiuf (D:3)
  2 hounds (D:4)
  An orc wizard (D:4)
  A worker ant (D:4)
  Ijyb (D:2)
  Robin (D:4)
  10 adders
  An ooze (D:1)
  2 worms (D:3)
  7 orcs
  3 ball pythons
  14 bats
  4 giant cockroaches
  23 goblins
  6 hobgoblins
  2 jackals (D:1)
  5 giant geckos
  4 giant newts
  9 kobolds
  5 rats
  A fungus (D:4)
115 creatures vanquished.

Vanquished Creatures (others)
  A fungus (D:4)
1 creature vanquished.

Grand Total: 116 creatures vanquished

Notes
Turn   | Place    | Note
--------------------------------------------------------------
     0 | D:1      | filipzpl the Gargoyle Berserker began the quest for the Orb.
     0 | D:1      | Reached XP level 1. HP: 14/14 MP: 1/1
   164 | D:1      | Reached XP level 2. HP: 16/19 MP: 2/2
  1062 | D:1      | Reached XP level 3. HP: 19/24 MP: 3/3
  1181 | D:2      | Noticed Ijyb
  1212 | D:2      | Killed Ijyb
  1212 | D:2      | Reached skill level 4 in Fighting
  1248 | D:2      | Reached XP level 4. HP: 30/30 MP: 4/4
  1673 | D:2      | Reached ** piety under Trog
  2173 | D:3      | Found a sparkling altar of Nemelex Xobeh.
  2365 | D:3      | Reached XP level 5. HP: 34/34 MP: 5/5
  2385 | D:3      | Noticed filipzpl's ghost (amateur GrBe)
  2502 | D:3      | Reached skill level 5 in Fighting
  3242 | D:3      | Killed filipzpl's ghost
  3454 | D:3      | Noticed Crazy Yiuf
  3460 | D:3      | Killed Crazy Yiuf
  3460 | D:3      | Reached XP level 6. HP: 40/40 MP: 6/6
  3649 | D:3      | Reached skill level 5 in Maces & Flails
  3750 | D:4      | Reached *** piety under Trog
  3927 | D:4      | Reached skill level 6 in Fighting
  4112 | D:4      | Reached XP level 7. HP: 34/47 MP: 7/7
  4281 | D:4      | Noticed Dowan
  4282 | D:4      | Noticed Duvessa
  4282 | D:4      | Found a burning altar of Makhleb.
  4297 | D:4      | Killed Duvessa
  4301 | D:4      | Killed Dowan
  4334 | D:4      | Reached skill level 7 in Fighting
  4395 | D:4      | Reached XP level 8. HP: 45/53 MP: 8/8
  4430 | D:4      | Reached **** piety under Trog
  4514 | D:4      | Noticed Robin
  4529 | D:4      | Killed Robin
  4819 | D:5      | Entered Level 5 of the Dungeon
  4837 | D:5      | Reached skill level 8 in Fighting
  4842 | D:5      | Slain by an ogre

Vault maps used:
D:1:      dpeg_arrival_lava_altar
D:2:      hex_large, corexii_leaking_fountain, uniq_iyjb
D:3:      nemelex_deck, first_bread, uniq_crazy_yiuf_cottage
D:4:      old_forge, nicolae_overflow_crystal_walls, uniq_robin, uniq_duvessa
D:5:      tgw_sif, minmay_curled_crystal, roderic_serpentine_path

Action                   |  1- 3 |  4- 6 |  7- 9 || total
-------------------------+-------+-------+-------++-------
Melee: Mace              |   100 |   207 |       ||   307
       Flail             |       |    36 |   150 ||   186
Invok: Berserk           |       |     2 |     3 ||     5
       Burn Spellbooks   |       |     2 |       ||     2
  Use: Scroll            |       |    13 |       ||    13
  Eat: Bread ration      |       |     2 |       ||     2
       Chunk             |       |     2 |     6 ||     8
       Meat ration       |       |       |     1 ||     1
